Map: Echo LE (Void)

Players

jhward

  • Race: Zerg Zerg
  • Spawn Location: 5:00

Fropez - Winner!

  • Race: Protoss Protoss
  • League: Gold
  • Spawn Location: 11:00

VOD

Have the link to the VOD?

Description

Time

  • Played on: Dec. 9, 2016, 11:20 a.m.
  • Length: 21:08
Show
View Real Time Build Order
Export as new Build Order

jhward Zerg 

Build Orders: Hatch First 

Get SALT Encoding   

  12  0:01  Drone  
  13  0:13  Overlord  
  13  0:18  Drone  
  14  0:32  Drone x2  
  16  0:38  Drone  
  17  0:56  Hatchery  
  16  1:02  Drone  
  16  1:03  Drone  
  18  1:10  Drone  
  19  1:17  Extractor  
  18  1:22  Spawning Pool  
  17  1:27  Drone  
  17  1:32  Drone  
  19  1:42  Overlord  
  19  2:08  Queen  
  19  2:09  Zergling x6  
  19  2:10  Queen  
  26  2:17  Drone  
  26  2:19  Drone  
  29  2:37  Drone x3  
  29  2:41  Metabolic Boost  
  31  2:46  Queen  
  31  2:47  Queen  
  35  2:52  Drone  
  36  3:02  Overlord x2  
  36  3:28  Drone x6  
  42  3:44  Hatchery  
  41  3:55  Drone x3  
  43  3:56  Drone x5  
  43  4:01  Pneumatized Carapace  
  49  4:06  Roach Warren  
  48  4:10  Overlord x2  
  48  4:33  Drone x5  
  48  4:34  Drone x2  
  48  4:37  Extractor x2  
  53  4:52  Lair  
  53  5:14  Roach x6  
  61  5:20  Hatchery  
  64  5:25  Drone  
  64  5:26  Drone  
  64  5:28  Overlord x4  
  58  5:45  Spore Crawler  
  58  5:47  Spore Crawler  
  58  5:49  Ravager x4  
  60  5:50  Roach  
  60  5:51  Roach x4  
  70  6:06  Drone x6  
  70  6:07  Drone x5  
  81  6:32  Overseer  
  81  6:34  Drone x6  
  81  6:35  Overlord, Drone  
  81  6:36  Overlord  
  88  6:48  Ravager  
  88  6:49  Ravager x3  
  92  6:56  Roach x2  
  92  7:01  Evolution Chamber  
  95  7:02  Evolution Chamber  
  94  7:09  Drone x3  
  94  7:10  Extractor x2, Drone x3  
  96  7:52  Roach x7  
  96  7:53  Roach  
  111  8:03  Roach x3  
  106  8:12  Zergling x14  
  110  8:15  Roach  
  108  8:29  Roach x2  
  112  8:43  Zerg Melee Weapons Level 1, Zerg Ground Armor Level 1  
  112  8:52  Overlord x3  
  112  8:53  Overlord x3  
  112  9:10  Queen x2  
  113  9:37  Roach x4  
  113  9:38  Ravager x5  
  117  9:39  Ravager  
  111  9:50  Drone x3  
  105  9:58  Drone  
  105  9:59  Drone x8  
  114  10:06  Roach  
  116  10:24  Hatchery  
  115  10:49  Infestation Pit  
  114  11:12  Hydralisk Den  
  113  11:27  Zerg Melee Weapons Level 2, Zerg Ground Armor Level 2  
  113  11:30  Ravager  
  113  11:31  Ravager x5  
  119  11:52  Hydralisk  
  119  11:53  Hydralisk x6  
  133  11:55  Muscular Augments  
  133  11:59  Hatchery  
  133  12:00  Overlord  
  133  12:01  Overlord x4  
  132  12:17  Overlord x7  
  132  12:34  Hydralisk x9  
  132  12:35  Hydralisk x12  
  174  12:45  Hive  
  174  13:25  Roach x3  
  174  13:26  Hydralisk x6, Roach x2  
  161  13:45  Hydralisk x2  
  161  13:46  Hydralisk x2  
  167  13:55  Roach x2  
  167  13:56  Hydralisk, Roach x5  
  167  13:59  Overlord x3  
  179  14:06  Overlord  
  179  14:07  Overlord x8  
  179  14:08  Overlord x3  
  167  14:22  Overlord x3  
  167  14:23  Overlord x5  
  160  14:38  Ravager x3  
  160  14:39  Ravager x6  
  160  14:45  Drone  
  166  14:46  Drone x12  
  178  14:59  Spire  
  177  15:04  Spire  
  170  15:16  Hydralisk x5  
  180  15:24  Extractor  
  180  15:26  Extractor, Drone  
  179  15:50  Zergling x2, Hatchery  
  179  15:51  Zergling x32  
  192  16:18  Hatchery  
  190  16:22  Mutalisk  
  190  16:23  Corruptor x4  
  180  16:51  Hydralisk x6  
  141  17:13  Hydralisk x2  
  141  17:14  Hydralisk  
  121  17:43  Corruptor x2  
  93  17:57  Hydralisk  
  93  17:58  Hydralisk x3  
  93  18:06  Extractor  
  93  18:07  Drone x3  
  93  18:08  Extractor  
  94  18:24  Corruptor x3  
  94  18:36  Hatchery  
  94  18:37  Zergling x8  
  94  18:38  Queen, Zergling x16  
  107  18:42  Hatchery  
  107  18:45  Queen  
  108  19:00  Hatchery  
  108  19:02  Corruptor x4  
  111  19:33  Mutalisk  
  111  19:34  Corruptor x4  
  111  19:36  Zergling x4  
  101  19:54  Viper x2  
  89  20:08  Drone x2  
  83  20:15  Viper  
  86  20:23  Drone x3  
  86  20:24  Extractor  
  88  20:37  Corruptor x5  
  98  20:49  Drone  
  99  20:54  Hydralisk Den  
Show
View Real Time Build Order
Export as new Build Order

Fropez Protoss - Winner!

Build Orders: Oracle Opening 

Get SALT Encoding   

  12  0:01  Probe (Chrono Boost)  
  13  0:11  Probe (Chrono Boost)  
  14  0:18  Pylon  
  14  0:22  Probe (Chrono Boost)  
  15  0:36  Gateway  
  15  0:38  Probe (Chrono Boost)  
  16  0:44  Assimilator  
  16  0:49  Probe (Chrono Boost)  
  17  0:59  Probe (Chrono Boost)  
  18  1:10  Probe (Chrono Boost), Gateway  
  19  1:17  Assimilator  
  19  1:20  Probe (Chrono Boost)  
  19  1:24  Cybernetics Core  
  20  1:31  Probe (Chrono Boost)  
  21  1:53  Pylon, Probe (Chrono Boost)  
  22  2:11  Adept x2  
  22  2:12  Pylon, Warp Gate (Chrono Boost), Mothership Core (Chrono Boost)  
  27  2:41  Nexus  
  27  2:49  Probe (Chrono Boost)  
  28  2:59  Stargate  
  28  3:00  Probe  
  29  3:09  Adept (Chrono Boost)  
  31  3:13  Probe  
  32  3:29  Stalker (Chrono Boost)  
  34  3:42  Oracle  
  34  3:44  Probe  
  38  4:11  Pylon  
  38  4:12  Probe  
  38  4:14  Probe, Assimilator  
  40  4:18  Oracle  
  40  4:20  Adept x2  
  40  4:23  Probe  
  47  4:26  Probe  
  47  4:27  Pylon  
  49  4:33  Probe  
  49  4:38  Probe  
  51  4:44  Adept x2, Probe  
  55  4:50  Probe  
  57  4:54  Probe  
  57  4:59  Stargate  
  58  5:04  Probe  
  58  5:05  Probe  
  58  5:06  Gateway  
  60  5:14  Gateway  
  60  5:47  Adept x2  
  64  5:59  Gateway  
  64  6:01  Gateway  
  64  6:03  Pylon  
  64  6:11  Fleet Beacon  
  58  6:29  Adept x3  
  64  6:35  Nexus  
  64  6:36  Pylon  
  64  6:39  Pylon  
  64  6:40  Probe  
  64  6:41  Forge  
  64  6:43  Pylon  
  64  6:45  Pylon  
  64  6:46  Phoenix  
  67  6:47  Phoenix  
  69  6:56  Assimilator  
  69  6:58  Probe x2  
  69  7:00  Twilight Council  
  71  7:18  Photon Cannon  
  71  7:20  Photon Cannon  
  71  7:23  Photon Cannon  
  71  7:30  Photon Cannon  
  71  7:35  Adept x4  
  79  7:49  Adept x2  
  73  8:07  Adept  
  73  8:08  Adept x3  
  73  8:11  Resonating Glaives (Chrono Boost)  
  73  8:12  Probe  
  79  8:13  Probe x2  
  82  8:23  Probe  
  82  8:25  Probe x2  
  81  8:33  Probe  
  73  8:37  Probe  
  73  8:41  Photon Cannon  
  75  8:44  Photon Cannon  
  75  8:47  Photon Cannon  
  75  8:48  Probe  
  75  8:50  Probe  
  75  8:51  Pylon  
  77  8:56  Phoenix  
  77  9:01  Phoenix  
  81  9:07  Probe, Photon Cannon  
  81  9:08  Protoss Ground Weapons Level 1 (Chrono Boost)  
  82  9:15  Probe  
  83  9:18  Assimilator  
  83  9:20  Assimilator, Stalker x2  
  87  9:52  Stalker x2  
  89  9:53  Carrier (Chrono Boost), Stalker x3  
  97  10:00  Graviton Catapult (Chrono Boost)  
  97  10:03  Carrier (Chrono Boost)  
  109  10:09  Protoss Air Weapons Level 1 (Chrono Boost)  
  109  10:13  Probe x2  
  112  10:14  Probe  
  112  10:25  Probe  
  107  10:47  Pylon  
  107  10:50  Pylon  
  107  10:52  Pylon  
  107  11:01  Stalker x6  
  119  11:07  Carrier  
  119  11:08  Protoss Shields Level 1 (Chrono Boost)  
  119  11:17  Carrier  
  131  11:50  Nexus  
  131  11:52  Pylon  
  131  11:55  Pylon  
  131  11:58  Pylon  
  131  12:01  Pylon  
  131  12:22  Adept x4, Carrier  
  137  12:23  Adept x2  
  143  12:31  Carrier  
  143  12:34  Assimilator  
  143  12:35  Photon Cannon  
  149  12:41  Photon Cannon  
  149  12:43  Photon Cannon  
  155  12:45  Photon Cannon  
  155  12:48  Probe x2  
  155  12:49  Pylon, Probe  
  158  12:56  Pylon  
  156  13:18  Stalker x5  
  158  13:36  Carrier  
  106  14:10  Carrier  
  100  14:20  Mothership Core  
  108  14:25  Stalker x2  
  108  14:26  Stalker x4  
  120  14:44  Protoss Shields Level 2 (Chrono Boost)  
  120  15:00  Protoss Air Weapons Level 2 (Chrono Boost)  
  120  15:02  Carrier  
  126  15:24  Carrier  
  132  15:41  Pylon  
  138  15:57  Pylon  
  138  15:59  Nexus  
  138  16:04  Assimilator  
  138  16:07  Assimilator  
  138  16:17  Pylon  
  138  16:25  Probe  
  138  16:26  Probe x2  
  138  16:28  Carrier  
  147  16:38  Probe  
  147  16:39  Carrier  
  110  17:09  Stalker x6  
  122  17:53  Carrier x2  
  128  18:23  Mothership Core (Chrono Boost)  
  124  18:44  Nexus  
  124  18:47  Pylon  
  130  19:18  Carrier x2  
  130  19:24  Adept x2  
  130  19:25  Adept  
  141  20:07  Pylon  
  141  20:10  Pylon, Probe x2  
  143  20:21  Zealot x3  
  149  20:28  Gateway  
  149  20:29  Gateway  
  149  20:31  Gateway  
  149  20:32  Photon Cannon  
  149  20:35  Gateway  
  149  20:38  Photon Cannon  
  149  20:42  Gateway  
  149  20:44  Photon Cannon  
  149  20:53  Zealot x3  
  155  20:58  Nexus  
  155  21:03  Photon Cannon x2  
  155  21:05  Photon Cannon  
Tags
 
Add a new tag
Caveats
  • Supply blocks, unpowered buildings, or Contaminate may cause inaccurate times.
  • Supply counts are checked every 10 seconds.